 Dungeon Crawl Stone Soup version 0.30-a0-696-g2367cd04db (webtiles) character file.

Game seed: 15487622971619818253

42432 Newt the Basher (level 13, -1/101 HPs)
             Began as a Demonspawn Gladiator on Jan 20, 2023.
             Was an Initiate of Gozag.
             Slain by a molten gargoyle
             ... wielding a +0 flail
              (13 damage)
             ... on level 10 of the Dungeon.
             The game lasted 00:21:58 (18115 turns).

Newt the Basher (Demonspawn Gladiator)             Turns: 18115, Time: 00:21:59

Health: -1/101     AC: 14    Str: 26    XL:     13   Next: 85%
Magic:  18/18      EV: 19    Int:  6    God:    Gozag
Gold:   2526       SH: 13    Dex: 16    Spells: 19/19 levels left

rFire   x . .      SeeInvis +    y - +11 whip "Vyppetiwn" {flame, Contam rF- Will++ Str+8}
rCold   . . .      Faith    .    (no shield)
rNeg    . . .      Spirit   .    e - +1 robe "Diybi" {-Tele Int-4 Slay+5 Stlth+}
rPois   .          Reflect  +    (helmet unavailable)
rElec   .          Harm     .    L - +2 cloak
rCorr   .          Rampage  .    (no gloves)
Will    ++...      Clarity  +    (no boots)
Stlth   +++        NoTele   +    m - amulet of reflection
HPRegen 0.36/turn                g - +4 ring of protection
MPRegen 0.16/turn                z - +4 ring of protection

@: gold aura
A: antennae 3, large bone plates 3, demonic guardian 1, condensation shield,
fangs 1, clarity
a: Renounce Religion, Potion Petition, Call Merchant, Bribe Branch


You were on level 10 of the Dungeon.
You worshipped Gozag.
Gozag was most pleased with you.
You visited 2 branches of the dungeon, and saw 15 of its levels.

You collected 4039 gold pieces.
You spent 351 gold pieces at shops.
You paid 1162 gold pieces to Gozag.

Inventory:

Hand Weapons
 y - the +11 whip "Vyppetiwn" (weapon) {flame, Contam rF- Will++ Str+8}
   (You found it on level 6 of the Dungeon)

   Str:       It affects your strength (+8).
   rF:        It makes you vulnerable to fire.
   Contam:    It causes magical contamination when unequipped.
   Will:      It greatly increases your willpower.
 N - the +4 morningstar "Fiaci" {heavy, Fly rF+ rC+}
   (You bought it in a shop on level 2 of the Lair of Beasts)

   rF:        It protects you from fire.
   rC:        It protects you from cold.
   Fly:       It grants you flight.
Missiles
 l - a throwing net (quivered)
Armour
 e - the +1 robe "Diybi" (worn) {-Tele Int-4 Slay+5 Stlth+}
   (You found it on level 6 of the Dungeon)

   Int:       It affects your intelligence (-4).
   Slay:      It affects your accuracy & damage with ranged weapons and melee
   (+5).
   -Tele:     It prevents most forms of teleportation.
   Stlth:     It makes you more stealthy.
 t - a +0 ring mail of cold resistance
 B - +0 steam dragon scales
 L - a +2 cloak (worn)
Jewellery
 a - a ring of positive energy
 g - a +4 ring of protection (left hand)
 m - an amulet of reflection (around neck)
 p - an amulet of magic regeneration
 z - a +4 ring of protection (right hand)
 P - a ring of magical power
 X - a ring of protection from fire
 Y - a ring of resist corrosion
Wands
 k - a wand of charming (25)
 J - a wand of flame (28)
 O - a wand of roots (5)
 S - a wand of acid (6)
Scrolls
 c - a scroll of identify
 o - 3 scrolls of immolation
 v - 5 scrolls of magic mapping
 w - a scroll of enchant armour
 C - 5 scrolls of teleportation
 G - a scroll of butterflies
 I - 4 scrolls of noise
 K - 2 scrolls of fear
 M - 2 scrolls of silence
 Q - 2 scrolls of poison
 T - a scroll of blinking
Potions
 d - 3 potions of lignification
 f - 2 potions of attraction
 i - 6 potions of flight
 j - 3 potions of might
 q - a potion of haste
 u - 2 potions of degeneration
 x - a potion of brilliance
 A - 5 potions of heal wounds
 D - a potion of berserk rage
 E - 4 potions of curing
 F - 4 potions of invisibility
 H - 2 potions of mutation
 R - a potion of magic
 V - a potion of ambrosia {unknown}
Miscellaneous
 b - a condenser vane
 U - a phial of floods
 W - a condenser vane


   Skills:
 - Level 9.0 Fighting
 - Level 3.3 Short Blades
 - Level 4.0(9.1) Axes
 - Level 12.7(13.0) Maces & Flails
 - Level 6.0 Ranged Weapons
 - Level 1.7 Throwing
 + Level 11.9 Dodging
 - Level 3.0 Stealth
 - Level 3.7 Spellcasting
 - Level 9.0 Evocations


You had 19 spell levels left.
You didn't know any spells.
Your spell library contained the following spells:

 Spells                   Type           Power      Damage    Failure   Level
 Necrotise                Necr           4%         1d4       34%         1
 Blink                    Tloc           2%         N/A       45%         2
 Lesser Beckoning         Tloc           2%         N/A       45%         2
 Momentum Strike          Conj/Tloc      2%         3d8       45%         2
 Static Discharge         Conj/Air       2%         2-3/arc   45%         2
 Call Canine Familiar     Summ           1%         N/A       71%         3
 Dazzling Flash           Conj/Hex       2%         N/A       71%         3
 Gell's Gravitas          Tloc           1%         N/A       71%         3
 Portal Projectile        Hex/Tloc       2%         N/A       71%         3
 Teleport Other           Tloc           1%         N/A       71%         3
 Vampiric Draining        Necr           1%         2d6       71%         3
 Vhi's Electric Charge    Tloc/Air       2%         N/A       71%         3
 Leda's Liquefaction      Hex/Erth       0%         N/A       98%         4
 Agony                    Necr           1%         N/A       100%        5
 Arcjolt                  Conj/Air       0%         1d10      100%        5
 Freezing Cloud           Conj/Ice/Air   0%         6-21      100%        5
 Lee's Rapid Deconstruct  Erth           0%         3d4*      100%        5
 Lightning Bolt           Conj/Air       0%         1d11      100%        5
 Silence                  Hex/Air        0%         N/A       100%        5
 Dispersal                Tloc           0%         N/A       100%        6
 Statue Form              Tmut/Erth      0%         N/A       100%        6
 Haunt                    Necr/Summ      0%         N/A       100%        7
 Malign Gateway           Summ/Tloc      0%         N/A       100%        7
 Infestation              Necr           0%         N/A       100%        8
 Summon Horrible Things   Summ           0%         N/A       100%        8
 Polar Vortex             Ice            0%         N/A       100%        9
 Animate Dead             Necr           Unusable   N/A       N/A         4
 Simulacrum               Ice/Necr       Unusable   N/A       N/A         6

Dungeon Overview and Level Annotations

Branches:
Dungeon (10/15)            Temple (0/1) D:5            Lair (5/5) D:9
  Swamp (0/4) Lair:2        Snake (0/4) Lair:3        Slime (0/5) Lair:4
    Orc: D:9-12

Altars:
Ashenzari
Cheibriados
Gozag
Kikubaaqudgha
Okawaru
Qazlal
Ru
Sif Muna
Trog
Vehumet
Wu Jian
Xom
Yredelemnul
Jiyva

Shops:
D:8 =   Lair:2 *


Innate Abilities, Weirdness & Mutations

You have a pair of large antennae on your head. (SInv)
You are completely covered in large bone plates. (SH +8)
A weak demonic guardian rushes to your aid.
A meltable shield of frost defends you. (SH +0)
You have very sharp teeth.
You possess an exceptional clarity of mind.


Message History

You hit the molten gargoyle. Your bite misses the molten gargoyle.
The molten gargoyle is lightly damaged.
The lava snake spits lava at you. The glob of lava misses you.
The molten gargoyle hits you with a +0 mace!
You are engulfed in flames!
The fire burns you terribly!
You whack the lava snake!
The lava snake is severely wounded.
You closely miss the lava snake.
The lava snake is severely wounded.
The molten gargoyle blasts magma at you!
The bolt of magma misses you. The lava snake spits lava at you.
The glob of lava reflects off an invisible shield around you!
The glob of lava misses the lava snake.
The molten gargoyle blasts magma at you!
The bolt of magma hits you!! The lava burns you terribly!
You whack the lava snake!
You kill the lava snake!
You now have 2526 gold pieces (gained 5).
You hit the molten gargoyle.
The molten gargoyle is moderately damaged.
The molten gargoyle blasts magma at you!
The bolt of magma misses you.
The molten gargoyle blasts magma at you!
The bolt of magma hits you! The lava burns you terribly!
* * * LOW HITPOINT WARNING * * *
A demonic guardian appears!
A molten gargoyle comes into view. It is wielding a +0 flail.
You hit the molten gargoyle.
You bite the molten gargoyle, but do no damage.
The molten gargoyle is moderately damaged.
You whack the molten gargoyle!
The molten gargoyle is severely damaged.
Your hellwing hits the molten gargoyle! Your hellwing hits the molten gargoyle.
The molten gargoyle hits you with a +0 flail!
* * * LOW HITPOINT WARNING * * *
You are engulfed in flames!
The fire burns you terribly!
You die...
Your body crumbles into a pile of gold.

.....##...###
..........# # ####
....###..## #.#.#.#
..#...#...# .#.#.#. .#
#......## ..§....
.#{#.......# #.≈§≈≈≈≈
{#.).....#####.§§§≈≈≈≈
#......##.#....#9§§88§≈
#....#..#.....#@≈4≈88≈≈
##...#..##.....#9≈§§≈9≈
#.......#..###..≈≈§≈≈≈
# #......#.....
#.!§§.§.
.###.....##....#
#.#.#.# ##
....#......#.# #.#.#. .
#....### ..... ..
###..# ..##. ##c. .


You could see 3 molten gargoyles and a friendly hellwing (summoned).

Vanquished Creatures
  2 hydras
  2 ghost crabs
  2 catoblepae
  A centaur warrior (D:8)
  A boulder beetle (Lair:2)
  9 death yaks
  A deep troll shaman (Lair:5)
  A spectral death yak (Lair:2)
  The ghost of ryw the Purveyor of Pain, a novice HuNe of Kikubaaqudgha (D:6)
  A lindwurm (Lair:4)
  An oklob plant (Lair:5)
  A cyclops (D:7)
  12 elephants
  A black mamba (Lair:1)
  Maggie (D:7)
  A torpor snail (Lair:4)
  A molten gargoyle (D:10)
  3 rime drakes
  13 cane toads
  A kobold demonologist (D:6)
  2 komodo dragons
  A troll (D:9)
  7 polar bears
  15 blink frogs
  Sigmund (D:2)
  A spectral black mamba (Lair:2)
  3 wyverns
  2 spriggans (Lair:3)
  19 yaks
  4 basilisks
  2 steam dragons
  2 nagas (Lair:3)
  An acid dragon (D:9)
  16 water moccasins
  A spectral yak (Lair:2)
  4 black bears
  3 orc warriors
  2 sky beasts
  An ice beast (D:7)
  6 ogres
  24 wolves
  3 centaurs
  2 phantoms
  9 kobold brigands
  12 bullfrogs
  2 necrophages
  A scorpion (D:6)
  6 wights
  12 killer bees
  5 electric eels
  3 howler monkeys
  A lava snake (D:10)
  5 jellies
  Crazy Yiuf (D:2)
  4 orc priests
  11 hounds
  4 iguanas
  Jessica (D:2)
  7 orc wizards
  7 adders
  8 gnolls
  A shadow imp (D:7)
  A white imp (D:5)
  4 ufetubi
  A worm (D:4)
  5 dart slugs
  30 orcs
  5 endoplasms
  5 giant cockroaches
  8 goblins
  6 hobgoblins
  3 quokkas
  9 ball pythons
  5 bats
  2 frilled lizards
  16 kobolds
  5 rats
383 creatures vanquished.

Vanquished Creatures (collateral kills)
  2 yaks (Lair:5)
  An electric eel (D:9)
3 creatures vanquished.

Vanquished Creatures (others)
  A kobold brigand (D:6)
  A bush (Lair:4)
  A butterfly (Lair:2)
  13 fungi
  40 plants
56 creatures vanquished.

Grand Total: 442 creatures vanquished

Notes
Turn   | Place    | Note
-------+----------+-------------------------------------------
     0 | D:1      | Newt the Demonspawn Gladiator began the quest for the Orb.
     0 | D:1      | Reached XP level 1. HP: 16/16 MP: 1/1
     6 | D:1      | Noticed a snapping turtle
     6 | D:1      | Noticed a lindwurm
     6 | D:1      | Noticed a polar bear
     7 | D:1      | Noticed a wyvern
     7 | D:1      | Noticed an anaconda
   129 | D:1      | Reached skill level 1 in Stealth
   227 | D:1      | Gained mutation: You are partially covered in large bone
                  | plates. (SH +4) [demonic ancestry]
   227 | D:1      | Reached XP level 2. HP: 4/22 MP: 2/2
   784 | D:2      | Noticed Jessica
   801 | D:2      | Killed Jessica
   802 | D:2      | Gained mutation: You have a pair of small antennae on your
                  | head. [demonic ancestry]
   802 | D:2      | Reached XP level 3. HP: 18/28 MP: 3/3
  1035 | D:2      | Found a snail-covered altar of Cheibriados.
  1105 | D:2      | Found a faded altar of an unknown god.
  1195 | D:2      | Reached XP level 4. HP: 8/34 MP: 4/4
  1540 | D:2      | Prayed at the altar of an unknown god.
  1540 | D:2      | Became a worshipper of Gozag Ym Sagoz the Greedy
  1567 | D:2      | Noticed Sigmund
  1589 | D:2      | Killed Sigmund
  1590 | D:2      | Gained mutation: You have a pair of antennae on your head.
                  | [demonic ancestry]
  1590 | D:2      | Reached XP level 5. HP: 17/42 MP: 5/5
  1828 | D:2      | Found a runed translucent door.
  1829 | D:2      | Noticed Crazy Yiuf
  2173 | D:2      | Killed Crazy Yiuf
  2174 | D:2      | Reached XP level 6. HP: 48/48 MP: 6/6
  2711 | D:3      | Reached skill level 1 in Axes
  3225 | D:4      | Gained mutation: A meltable shield of frost defends you.
                  | (SH +0) [demonic ancestry]
  3225 | D:4      | Reached XP level 7. HP: 43/54 MP: 7/7
  3567 | D:5      | Entered Level 5 of the Dungeon
  3669 | D:5      | Reached skill level 1 in Ranged Weapons
  4565 | D:5      | Found a staircase to the Ecumenical Temple.
  4684 | D:5      | Gained mutation: You are mostly covered in large bone
                  | plates. (SH +6) [demonic ancestry]
  4684 | D:5      | Reached XP level 8. HP: 60/60 MP: 8/8
  4752 | D:5      | Reached skill level 5 in Ranged Weapons
  5038 | D:5      | Reached skill level 1 in Spellcasting
  5351 | D:6      | Found a basalt altar of Yredelemnul.
  6003 | D:6      | Identified the +1 robe "Diybi" {-Tele Int-4 Slay+5 Stlth+}
  6139 | D:6      | Found a runed translucent gate.
  6140 | D:6      | Found a runed translucent gate.
  6141 | D:6      | Found a runed translucent gate.
  6143 | D:6      | Noticed a kobold demonologist
  6143 | D:6      | Noticed ryw's ghost (novice HuNe)
  6223 | D:6      | Identified the +11 whip "Vyppetiwn" {flame, Contam rF-
                  | Will++ Str+8}
  6276 | D:6      | Reached skill level 1 in Maces & Flails
  6550 | D:7      | Reached skill level 2 in Maces & Flails
  6616 | D:7      | Reached skill level 3 in Maces & Flails
  6616 | D:7      | Gained mutation: You have a pair of large antennae on your
                  | head. (SInv) [demonic ancestry]
  6616 | D:7      | Reached XP level 9. HP: 65/65 MP: 14/14
  6632 | D:7      | Noticed Maggie
  6642 | D:7      | Killed Maggie
  6643 | D:7      | Reached skill level 4 in Maces & Flails
  6767 | D:7      | Noticed a cyclops
  6772 | D:7      | Killed a cyclops
  6773 | D:7      | Reached skill level 5 in Maces & Flails
  6804 | D:7      | Reached skill level 6 in Maces & Flails
  7131 | D:7      | Reached skill level 7 in Maces & Flails
  7162 | D:7      | Found a shimmering altar of Xom.
  7307 | D:7      | Found an ornate altar of the Wu Jian Council.
  7339 | D:7      | Found a radiant altar of Vehumet.
  7339 | D:7      | Found a shimmering blue altar of Sif Muna.
  7339 | D:7      | Found a stormy altar of Qazlal.
  7339 | D:7      | Found a bloodstained altar of Trog.
  7340 | D:7      | Found an iron altar of Okawaru.
  7342 | D:7      | Found a broken altar of Ashenzari.
  7343 | D:7      | Found a sacrificial altar of Ru.
  7477 | D:8      | Reached skill level 8 in Maces & Flails
  7555 | D:8      | Gained mutation: A weak demonic guardian rushes to your
                  | aid. [demonic ancestry]
  7555 | D:8      | Reached XP level 10. HP: 61/71 MP: 15/15
  7763 | D:8      | Noticed a centaur warrior
  7777 | D:8      | Killed a centaur warrior
  7778 | D:8      | Reached skill level 5 in Dodging
  8210 | D:8      | Found an ancient bone altar of Kikubaaqudgha.
  8783 | D:6      | Killed ryw's ghost
  9453 | D:9      | Found a snail-covered altar of Cheibriados.
  9469 | D:9      | Found a staircase to the Lair.
  9546 | D:9      | Reached XP level 11. HP: 73/78 MP: 16/16
  9820 | D:9      | Reached skill level 5 in Fighting
 10183 | Lair:1   | Entered Level 1 of the Lair of Beasts
 11124 | Lair:2   | Noticed a ghost crab
 11127 | Lair:2   | Noticed a ghost crab
 11147 | Lair:2   | Killed a ghost crab
 11153 | Lair:1   | Killed a ghost crab
 11451 | Lair:2   | Reached skill level 1 in Evocations
 11576 | Lair:2   | Bought a crystal morningstar for 243 gold pieces
 11576 | Lair:2   | Identified the +4 morningstar "Fiaci" {heavy, Fly rF+ rC+}
                  | (You bought it in a shop on level 2 of the Lair of Beasts)
 11576 | Lair:2   | Bought a scroll of identify for 54 gold pieces
 11576 | Lair:2   | Bought a scroll labelled WIPLUOLLOGH for 27 gold pieces
 11576 | Lair:2   | Bought a scroll labelled NINNAGI XIOC for 27 gold pieces
 11852 | Lair:2   | Noticed a catoblepas
 11869 | Lair:2   | Killed a catoblepas
 12001 | Lair:2   | Reached skill level 5 in Evocations
 12072 | Lair:2   | Found a staircase to the Swamp.
 12438 | Lair:2   | Noticed a six-headed hydra
 12444 | Lair:2   | Killed a six-headed hydra
 12506 | Lair:3   | Noticed a boulder beetle
 12528 | Lair:2   | Killed a boulder beetle
 12529 | Lair:2   | Gained mutation: You are completely covered in large bone
                  | plates. (SH +8) [demonic ancestry]
 12529 | Lair:2   | Reached XP level 12. HP: 87/95 MP: 17/17
 12710 | Lair:3   | Found an opulent altar of Gozag.
 12768 | Lair:3   | Noticed a death yak
 12770 | Lair:3   | Noticed a death yak
 12771 | Lair:3   | Noticed a death yak
 12793 | Lair:3   | Killed a death yak
 12799 | Lair:3   | Killed a death yak
 12807 | Lair:3   | Killed a death yak
 12808 | Lair:3   | Reached skill level 9 in Maces & Flails
 13328 | Lair:3   | Found a staircase to the Snake Pit.
 13818 | Lair:3   | Reached skill level 10 in Maces & Flails
 14581 | Lair:4   | Found a staircase to the Slime Pits.
 14646 | Lair:4   | Reached skill level 11 in Maces & Flails
 14819 | Lair:4   | Reached XP level 13. HP: 82/101 MP: 18/18
 14922 | Lair:4   | Found a viscous altar of Jiyva.
 15383 | Lair:4   | Reached skill level 12 in Maces & Flails
 15558 | Lair:5   | Entered Level 5 of the Lair of Beasts
 16590 | Lair:5   | Gained mutation: You possess an exceptional clarity of
                  | mind. [potion of mutation]
 16590 | Lair:5   | Gained mutation: You have very sharp teeth. [potion of
                  | mutation]
 16643 | Lair:5   | Reached skill level 10 in Dodging
 17998 | D:10     | Entered Level 10 of the Dungeon
 18115 | D:10     | Slain by a molten gargoyle

Illustrated notes

Levels and vault maps discovered:
D:1:      onia_arrival_zoo_common, layout_loops_ring, bh_walls_and_bars
D:2:      layout_basic, basic_altar, dreamdust_ecumenical_altar_statues,
          eino_tiny_chamber, kennysheep_decorative_pillar,
          small_statue_intersection, uniq_jessica, uniq_crazy_yiuf_cottage,
          uniq_sigmund
D:3:      layout_loops_ring, hex_medium, serial_park_tiny_1,
          minmay_fractal_squares_5
D:4:      layout_rooms, minmay_bisected
D:5:      layout_loops_ring, minmay_temple_entry_fiery
D:6:      layout_loops_cross, mainiacjoe_overflow_concentric_impassable,
          gammafunk_ghost_nasty_kobolds
D:7:      layout_gridville, minitemple, uniq_maggie
D:8:      layout_cave_pools, marbit_many_paths, dreamdust_princess_bridge,
          small_chamber_with_monster, kennysheep_generic_room_9
D:9:      layout_basic, lemuel_tele_altar, erik_lair_island
D:10:     layout_cave_pools, grunt_temple_overflow_opulence,
          mainiacjoe_overflow_24_doors, minivault_8
Lair:1:   layout_chaotic_city
Lair:2:   layout_regular_city, nicolae_swamp_entry_spooky,
          infiniplex_staircase_pool_2, lemuel_fruit_fields, grunt_megastairs_3,
          lemuel_fruit_tree
Lair:3:   wad_woods_stonehenge, layout_hall_layers, guppyfry_snake_entry_island
Lair:4:   layout_gridlike, nicolae_slime_entry_field_trip,
          gammafunk_lair_bear_cave, serial_bayou_shore_a
Lair:5:   grunt_lair_end_beastmaster, layout_hall_layers, st_stairs_13,
          nicolae_quartered_pool_impasse, serial_bayou_shore_b

Skill      XL: |  1  2  3  4  5  6  7  8  9 10 11 12 13 |
---------------+----------------------------------------+-----
Stealth        | 1 3 |  3.0
Fighting       | 4 9 |  9.0
Dodging        | 4 9 11 | 11.9
Short Blades   | 3 |  3.3
Axes           | 3 4 |  4.0
Ranged Weapons | 4 6 |  6.0
Spellcasting   | 3 |  3.7
Maces & Flails | 3 8 11 12 | 12.7
Evocations     | 6 9 |  9.0
Throwing       | |  1.7

Action                   |  1- 3 |  4- 6 |  7- 9 | 10-12 | 13-15 || total
-------------------------+-------+-------+-------+-------+-------++-------
Melee: Rapier            |   103 |    27 |       |       |       ||   130
       Punch             |     2 |     3 |     2 |    11 |    11 ||    29
       Dagger            |       |    50 |       |       |       ||    50
       Hand axe          |       |    56 |   195 |       |       ||   251
       Whip              |       |       |   100 |   598 |   341 ||  1039
       Bite              |       |       |       |       |    27 ||    27
Throw: Throwing net      |     6 |     1 |     2 |     1 |       ||    10
       Javelin           |     2 |     1 |     2 |       |       ||     5
Invok: Call Merchant     |       |       |       |     2 |       ||     2
Evoke: Wand              |       |       |       |       |     1 ||     1
  Use: Scroll            |     4 |     3 |     6 |    12 |     2 ||    27
       Potion            |     2 |       |     1 |     3 |     1 ||     7
 Stab: Sleeping          |     3 |     2 |    11 |     7 |     3 ||    26
       Held in net/web   |     1 |     2 |       |       |       ||     3
       Distracted        |       |     2 |     2 |     7 |     2 ||    13
       Petrified         |       |       |       |       |    20 ||    20
       Petrifying        |       |       |       |       |     3 ||     3
Armor: Leather armour    |    20 |    22 |    37 |       |       ||    79
       Skin              |    38 |       |       |       |       ||    38
       Robe              |       |       |    16 |    91 |    48 ||   155
Dodge: Dodged            |    37 |    56 |    90 |   187 |   133 ||   503
Block: Other             |    11 |    56 |   176 |   362 |   245 ||   850
       Reflection        |       |     2 |     6 |    14 |     4 ||    26

Table legend: (Time is in decaauts)
 A = Elapsed time spent in this place.
 B = Non-inter-level travel time spent in this place.
 C = Inter-level travel time spent in this place.
 D = Time resting spent in this place.
 E = Time spent auto-exploring this place.
 F = Levels seen in this place.
 G = Mean time per level.
                   A        B        C        D        E       F      G
               +--------+--------+--------+--------+--------+-----+--------+
         Total |  17815 |  17143 |    672 |   4217 |  10232 |  15 | 1187.7 |
       Dungeon |  10299 |   9842 |    457 |   2229 |   5953 |  10 | 1029.9 |
          Lair |   7516 |   7302 |    214 |   1988 |   4278 |   5 | 1503.2 |
               +--------+--------+--------+--------+--------+-----+--------+

Top non-repeatable levels by time:
     D:5: 1981 daAuts
  Lair:5: 1910 daAuts
  Lair:3: 1707 daAuts
     D:6: 1585 daAuts
  Lair:4: 1573 daAuts
     D:2: 1469 daAuts
     D:9: 1191 daAuts
  Lair:1: 1187 daAuts
  Lair:2: 1138 daAuts
     D:7: 926 daAuts
     D:8: 914 daAuts
     D:3: 843 daAuts
     D:1: 761 daAuts
     D:4: 513 daAuts
    D:10: 110 daAuts
